 Dungeon Crawl Stone Soup version 0.28.0-53-g5a82cb258f (webtiles) character file.

Game seed: 15338381499441491660

114 Kaptain the Digger (level 4, -2/26 HPs)
             Began as a Gargoyle Earth Elementalist on July 13, 2022.
             Slain by Sigmund
             ... wielding a +2 scythe of venom
              (9 damage)
             ... on level 3 of the Dungeon.
             The game lasted 00:06:38 (2768 turns).

Kaptain the Digger (Gargoyle Earth Elementalist)    Turns: 2768, Time: 00:06:39

Health: -2/26      AC:  5    Str: 11    XL:     4   Next: 97%
Magic:  1/7        EV: 11    Int: 24    God:
Gold:   94         SH:  0    Dex: 10    Spells: 4/8 levels left

rFire   . . .      SeeInvis .   d - +0 short sword
rCold   . . .      Faith    .   (no shield)
rNeg    + . .      Spirit   .   b - +0 robe
rPois   ∞          Reflect  .   (no helmet)
rElec   +          Harm     .   (no cloak)
rCorr   .          Rampage  .   (no gloves)
Will    .....                   (no boots)
Stlth   ++........              (no amulet)
HPRegen 0.08/turn               c - +6 ring of intelligence
MPRegen 0.10/turn               (no ring)

@: flying
A: sickness immunity, AC +3, negative energy resistance 1, electricity
resistance, torment resistance 1, petrification resistance
a: no special abilities


You were on level 3 of the Dungeon.
You visited 1 branch of the dungeon, and saw 3 of its levels.

You collected 94 gold pieces.

Inventory:

Hand Weapons
 d - a +0 short sword (weapon)
 f - a +0 hunting sling
Armour
 b - a +0 robe (worn)
Jewellery
 c - a +6 ring of intelligence (left hand)
Scrolls
 a - 3 scrolls of enchant weapon {unknown}
 e - a scroll of magic mapping {unknown}
 g - 3 scrolls of identify {unknown}
 j - a scroll of silence {unknown}
 k - a scroll of enchant armour {unknown}


   Skills:
 * Level 1.9 Fighting
 + Level 1.2 Armour
 - Level 1.5 Dodging
 + Level 2.7 Stealth
 * Level 2.6 Spellcasting
 * Level 1.9 Conjurations
 - Level 0.7 Transmutations
 * Level 4.4 Earth Magic


You had 4 spell levels left.
You knew the following spells:

 Your Spells              Type           Power      Damage    Failure   Level
a - Sandblast             Erth           48%        2d12      1%          1
b - Stone Arrow           Conj/Erth      36%        3d9       10%         3

Your spell library contained the following spells:

 Spells                   Type           Power      Damage    Failure   Level
 Passwall                 Tmut/Erth      12%        N/A       6%          2
 Petrify                  Tmut/Erth      15%        N/A       36%         4


Dungeon Overview and Level Annotations

Branches:
Dungeon (3/15)

Altars:

Shops:
D:1 (

Annotations:
D:3 Sigmund


Innate Abilities, Weirdness & Mutations

You are immune to sickness and miasma.
Your stone body is resilient. (AC +3)
You are immune to poison.
You resist negative energy. (rN+)
You are resistant to electric shocks. (rElec)
You are resistant to unholy torment.
You are immune to petrification.


Message History

The stone arrow misses Sigmund.
Sigmund hits you from afar with a +2 scythe of venom!
Unknown command.
Casting: Stone Arrow (quite dangerous; 10% risk of failure)
Confirm with . or Enter, or press ? or * to list all spells.
Aiming: Stone Arrow (quite dangerous; 10% risk of failure)
Press: ? - help, Shift-Dir - straight line, f/p - Sigmund
Aim: Sigmund, wielding a +2 scythe of venom and wearing a +2 robe of cold resistance (64% to hit)
The stone arrow hits Sigmund!
Sigmund is moderately wounded.
Unknown command.
Casting: Stone Arrow (quite dangerous; 10% risk of failure)
Confirm with . or Enter, or press ? or * to list all spells.
You don't have enough magic to cast this spell.
Unknown command.
Casting: Stone Arrow (quite dangerous; 10% risk of failure)
Confirm with . or Enter, or press ? or * to list all spells.
You don't have enough magic to cast this spell.
Unknown command.
Casting: Stone Arrow (quite dangerous; 10% risk of failure)
Confirm with . or Enter, or press ? or * to list all spells.
You don't have any stones to cast with.
Unknown command.
Sigmund hits you with a +2 scythe of venom!
You closely miss Sigmund.
Sigmund is moderately wounded.
Sigmund closely misses you.
You hit Sigmund but do no damage.
Sigmund is moderately wounded.
You barely miss Sigmund.
Sigmund is moderately wounded.
Sigmund misses you.
You hit Sigmund but do no damage.
Sigmund is moderately wounded.
Sigmund hits you with a +2 scythe of venom.
* * * LOW HITPOINT WARNING * * *
You closely miss Sigmund.
Sigmund is moderately wounded.
Sigmund hits you with a +2 scythe of venom!
You die...

.......... .... .....
... ...## . .
#.#####..####...
#.##....###........
....#........?......
...............#....
..........@.........
.........@..........
.....>....####.....
.?..#.##..####..###
#####..........##
#......#...##
.........<..>########
.#..................###.
...........##...........
...#.......###......##


You could see Sigmund.

Vanquished Creatures
  Jessica (D:2)
  An adder (D:3)
  A gnoll (D:2)
  A worm (D:2)
  4 dart slugs
  5 bats
  2 endoplasms
  5 goblins
  5 hobgoblins
  7 jackals
  3 kobolds
  4 quokkas
  5 ball pythons
  3 frilled lizards
  4 rats (D:1)
51 creatures vanquished.

Notes
Turn   | Place    | Note
-------+----------+-------------------------------------------
     0 | D:1      | Kaptain the Gargoyle Earth Elementalist began the quest for
                  | the Orb.
     0 | D:1      | Reached XP level 1. HP: 10/10 MP: 3/3
    86 | D:1      | Reached XP level 2. HP: 10/16 MP: 0/5
   397 | D:1      | Found Laesithu's Antique Weapon Shoppe.
   578 | D:1      | Reached skill level 1 in Conjurations
   637 | D:1      | Reached skill level 1 in Fighting
   637 | D:1      | Reached XP level 3. HP: 20/20 MP: 4/6
   641 | D:1      | Learned a level 3 spell: Stone Arrow
   727 | D:1      | Reached skill level 4 in Earth Magic
   867 | D:1      | Found a faded altar of an unknown god.
  1736 | D:2      | Noticed Jessica
  1741 | D:2      | Reached XP level 4. HP: 23/25 MP: 2/7
  1746 | D:2      | Killed Jessica
  1747 | D:2      | Reached skill level 1 in Armour
  2749 | D:3      | Noticed Sigmund
  2768 | D:3      | Slain by Sigmund

Illustrated notes

Levels and vault maps discovered:
D:1:      dpeg_arrival_refuge, layout_basic, serial_shops, nicolae_shop_trees,
          hellmonk_ecumenical_altar_prayer_group, bh_walls_and_bars
D:2:      layout_basic, hangedman_abyss_or_decor_lesser_grid,
          cheibrodos_gnoll_hut, uniq_jessica
D:3:      layout_rooms, uniq_sigmund

Skill      XL: |  1  2  3  4 |
---------------+-------------+-----
Conjurations   | 1 |  1.9
Fighting       | 1 |  1.9
Earth Magic    | 4 |  4.4
Armour         | 1 |  1.2
Dodging        | |  1.5
Stealth        | |  2.7
Spellcasting   | |  2.6
Transmutations | |  0.7

Action                   |  1- 3 |  4- 6 || total
-------------------------+-------+-------++-------
Melee: Dagger            |    15 |       ||    15
       Short sword       |     6 |    51 ||    57
       Punch             |       |     2 ||     2
 Cast: Sandblast         |    45 |     7 ||    52
       Stone Arrow       |       |     7 ||     7
  Use: Potion            |       |     2 ||     2
 Stab: Sleeping          |     1 |     1 ||     2
Armor: Robe              |    13 |    30 ||    43
Dodge: Dodged            |    15 |    35 ||    50
